 Dungeon Crawl Stone Soup version 0.29.0-5-ge4962eb29e (webtiles) character file.

Game seed: 13535002996469847505

4465 sanka the Grappler (level 10, 0/100 HPs)
             Began as a Troll Monk on Aug 29, 2022.
             Was an Elder of Okawaru.
             Slain by a vampire (3 damage)
             ... on level 8 of the Dungeon.
             The game lasted 00:11:57 (5158 turns).

sanka the Grappler (Troll Monk)                     Turns: 5158, Time: 00:11:57

Health: 0/100      AC:  4    Str: 25    XL:     10   Next: 15%
Magic:  0/11       EV: 12    Int:  6    God:    Okawaru [****..]
Gold:   465        SH:  0    Dex: 12    Spells: 9/9 levels left

rFire   . . .      SeeInvis .     - Unarmed
rCold   . . .      Faith    .   (no shield)
rNeg    . . .      Spirit   +   a - +0 robe
rPois   .          Reflect  .   (helmet restricted)
rElec   .          Harm     .   w - scarf {repulsion}
rCorr   .          Rampage  .   (gloves unavailable)
Will    .....                   (boots unavailable)
Stlth   +++.......              o - amulet of guardian spirit
HPRegen 1.06/turn               (no ring)
MPRegen 0.12/turn               (no ring)

@: mighty, heroic, repel missiles
A: large, unfitting armour, claws 3, regeneration 1, shaggy fur 1, tough skin 1
a: Renounce Religion, Heroism, Finesse


You were on level 8 of the Dungeon.
You worshipped Okawaru.
Okawaru was greatly pleased with you.
You visited 1 branch of the dungeon, and saw 8 of its levels.
You also visited: Sewer.

You collected 525 gold pieces.
You spent 60 gold pieces at shops.


Innate Abilities, Weirdness & Mutations

You are too large for most types of armour.
You have claws for hands.
Your natural rate of healing is unusually fast.
You are covered in fur. (AC +1)
You have tough skin. (AC +1)


   Skills:
 + Level 6.7(11.7) Fighting
 - Level 2.4(7.4) Dodging
 - Level 1.0(6.0) Stealth
 + Level 12.3(17.3) Unarmed Combat
 + Level 3.8 Invocations


You had 9 spell levels left.
You didn't know any spells.
Your spell library contained the following spells:

 Spells                   Type           Power      Damage    Failure   Level
 Frozen Ramparts          Ice            0%         1d1       83%         3
 Ice Form                 Ice/Tmut       0%         N/A       99%         4
 Summon Ice Beast         Ice/Summ       Unusable   N/A       N/A         4

Inventory:

Missiles
 d - 5 curare-tipped darts {=f}
Armour
 a - a +0 robe (worn)
 w - a scarf of repulsion (worn)
Magical Staves
 u - a staff of fire
 y - a staff of fire
Jewellery
 m - the ring "Muskem" {rPois rN+ Dex+3 Slay-5}

   [ring of positive energy]

   Dex:       It affects your dexterity (+3).
   Slay:      It affects your accuracy & damage with ranged weapons and melee
   (-5).
   rPois:     It protects you from poison.
   rN:        It protects you from negative energy.
 o - an amulet of guardian spirit (around neck)
 t - a +6 ring of intelligence
Wands
 z - a wand of flame (15)
 A - a wand of light (8)
 D - a wand of iceblast (18)
Scrolls
 c - 6 scrolls of blinking
 h - 4 scrolls of teleportation {@r4}
 j - a scroll of torment {!r}
 k - 2 scrolls of magic mapping
 n - 4 scrolls of silence {!r}
 s - a scroll of poison {unknown}
 B - a scroll of fear {unknown}
 C - a scroll of noise {!r}
 F - a scroll of immolation {unknown}
 G - a scroll of enchant armour {unknown}
 H - a scroll of identify {@r1}
Potions
 b - a potion of ambrosia
 e - 2 potions of haste {unknown}
 f - 3 potions of cancellation {unknown}
 g - 3 potions of invisibility {unknown}
 i - 6 potions of flight
 l - 3 potions of degeneration {unknown}
 p - 2 potions of brilliance
 q - 3 potions of mutation {unknown}
 r - 3 potions of heal wounds {unknown}
 v - 7 potions of curing {unknown}
 E - a potion of lignification {unknown}

Dungeon Overview and Level Annotations

Branches:
Dungeon (8/15)             Temple (0/1) D:5           Sewer (visited)
   Lair: D:8-11

Altars:
Ashenzari
Fedhas
Kikubaaqudgha
Okawaru
Qazlal
Ru
Trog
Xom
The Shining One

Shops:
D:1 * D:5

= ▒.... ▒▒....▒ ▒...
▒....▒ ▒▒▒▒▒▒▒▒ ▒..
▒▒▒..▒
.......▒▒▒▒Y▒▒▒▒▒▒▒▒.▒
▒▒▒▒▒▒.▒.............▒
▒▒▒..▒.▒.............▒
▒....▒.▒.........)...▒
▒.▒▒.▒.▒.▒▒▒▒▒▒▒▒{▒▒▒▒
▒......▒ ▒▒T..▒▒
▒▒▒<...▒ ▒▒..†..▒▒
▒▒.▒.▒ ▒)......▒ ▒.▒.▒
▒....(..▒ ▒.▒.▒
▒[......▒ ▒.▒.▒
▒▒....[▒▒ ▒...▒
▒▒..(▒▒ ▒▒▒.▒ ▒▒▒▒▒
▒..


There were no monsters in sight!


Message History

* * * LOW HITPOINT WARNING * * *
Something draws strength from your injuries!
You have reached level 10!
You barely miss the orc warrior.
The orc warrior hits you with a +0 battleaxe!
* * * LOW HITPOINT WARNING * * *
Unknown command.
You feel very mighty all of a sudden. The orc warrior misses you.
Unknown command.
You mangle the orc warrior!!
The orc warrior is severely wounded.
You mangle the orc warrior!!
You kill the orc warrior!
Okawaru accepts your kill.
Unknown command.
You scratch something but do no damage. Something hits you!
* * * LOW HITPOINT WARNING * * *
Something bites you!
* * * LOW HITPOINT WARNING * * *
Something draws strength from your injuries!
Unknown command.
You barely miss something.
Unknown command.
You mangle something!! Something hits you!
* * * LOW HITPOINT WARNING * * *
Something bites you.
You die...

Action                   |  1- 3 |  4- 6 |  7- 9 | 10-12 || total
-------------------------+-------+-------+-------+-------++-------
Melee: Unarmed           |   103 |   147 |   221 |     6 ||   477
       Punch             |       |     4 |    13 |       ||    17
Invok: Heroism           |       |       |     1 |       ||     1
  Use: Scroll            |     1 |       |     4 |       ||     5
       Potion            |       |     1 |       |     1 ||     2
 Stab: Sleeping          |     4 |     6 |     1 |       ||    11
Armor: Robe              |    28 |    36 |    46 |       ||   110
Dodge: Dodged            |    35 |    59 |    96 |     1 ||   191
       Repelled          |       |       |     2 |       ||     2

Levels and vault maps discovered:
D:1:      dpeg_arrival_tiny_f, layout_basic, ebering_ecumenical_altar_hall,
          serial_shops, shop, minmay_misc_feat_rows,
          chequers_serial_rivers_room_b, minmay_cut_off
D:2:      layout_basic, basic_altar
D:3:      layout_basic
D:4:      layout_basic, cheibrodos_sewer_entry_sluice, uniq_menkaure
D:5:      kb_forest_paths, layout_basic, nicolae_ru_the_path_less_chosen,
          minmay_temple_entry_hall, serial_shops, nicolae_shop_hallway_plus,
          uniq_eustachio, uniq_edmund
D:6:      layout_rooms, cheibrodos_ashenzari_chains, okawaru_ov_weapons_minmay,
          mainiacjoe_overflow_cross_hatched, minmay_misc_feat_diagonals,
          uniq_pikel, uniq_duvessa
D:7:      layout_rooms, nicolae_tso_swordbearing_angel,
          grunt_temple_overflow_open
D:8:      minmay_opposing_rooms, layout_basic, uniq_psyche

Notes
Turn   | Place    | Note
-------+----------+-------------------------------------------
     0 | D:1      | sanka the Troll Monk began the quest for the Orb.
     0 | D:1      | Reached XP level 1. HP: 22/22 MP: 0/0
   116 | D:1      | Reached XP level 2. HP: 29/29 MP: 1/1
   165 | D:1      | Found Tuozomol's General Store.
   191 | D:1      | Found a faded altar of an unknown god.
   235 | D:1      | Reached skill level 4 in Unarmed Combat
   304 | D:1      | Reached XP level 3. HP: 36/36 MP: 2/2
   584 | D:1      | Bought a scroll of teleportation for 36 gold pieces
   584 | D:1      | Bought a scroll of identify for 24 gold pieces
   781 | D:2      | Found a glowing golden altar of the Shining One.
   812 | D:2      | Identified the ring "Muskem" {rPois rN+ Dex+3 Slay-5}
  1529 | D:3      | Reached XP level 4. HP: 44/44 MP: 3/3
  1539 | D:3      | Reached skill level 5 in Unarmed Combat
  1840 | D:4      | Reached XP level 5. HP: 50/50 MP: 4/4
  1858 | D:4      | Reached skill level 6 in Unarmed Combat
  2044 | D:4      | Noticed Menkaure
  2053 | D:4      | Killed Menkaure
  2054 | D:4      | Reached XP level 6. HP: 57/59 MP: 5/5
  2092 | D:4      | Reached skill level 7 in Unarmed Combat
  2142 | D:4      | Found a glowing drain.
  2157 | Sewer    | Entered a sewer
  2662 | D:5      | Entered Level 5 of the Dungeon
  2664 | D:5      | Found Gosiluet's Jewellery Shop.
  2724 | D:5      | Reached skill level 8 in Unarmed Combat
  2724 | D:5      | Reached XP level 7. HP: 56/66 MP: 6/6
  2843 | D:4      | Reached skill level 9 in Unarmed Combat
  3131 | D:5      | Noticed Eustachio
  3161 | D:5      | Reached XP level 8. HP: 66/74 MP: 5/7
  3166 | D:5      | Killed Eustachio
  3167 | D:5      | Reached skill level 10 in Unarmed Combat
  3318 | D:5      | Reached skill level 3 in Fighting
  3377 | D:5      | Found a staircase to the Ecumenical Temple.
  3519 | D:5      | Noticed Edmund
  3540 | D:5      | Killed Edmund
  3733 | D:5      | Found a sacrificial altar of Ru.
  3762 | D:6      | Found a broken altar of Ashenzari.
  3780 | D:6      | Reached skill level 4 in Fighting
  3829 | D:6      | Reached skill level 11 in Unarmed Combat
  3868 | D:6      | Found a bloodstained altar of Trog.
  3942 | D:6      | Noticed Pikel
  3953 | D:6      | Killed Pikel
  3954 | D:6      | Reached skill level 5 in Fighting
  3954 | D:6      | Reached XP level 9. HP: 82/88 MP: 6/8
  3989 | D:6      | Noticed Dowan
  3992 | D:6      | Found an iron altar of Okawaru.
  3992 | D:6      | Noticed Duvessa
  4000 | D:6      | Killed Duvessa
  4016 | D:6      | Killed Dowan
  4065 | D:6      | Became a worshipper of Warmaster Okawaru
  4065 | D:6      | Reached * piety under Okawaru
  4065 | D:6      | Reached ** piety under Okawaru
  4242 | D:6      | Reached skill level 1 in Invocations
  4576 | D:7      | Found a stormy altar of Qazlal.
  4579 | D:7      | Found a blossoming altar of Fedhas.
  4583 | D:7      | Found an ancient bone altar of Kikubaaqudgha.
  4583 | D:7      | Found a shimmering altar of Xom.
  4594 | D:7      | Reached skill level 6 in Fighting
  4594 | D:7      | Reached skill level 2 in Invocations
  4777 | D:7      | Reached skill level 12 in Unarmed Combat
  4897 | D:7      | Found a glowing golden altar of the Shining One.
  5063 | D:8      | Reached *** piety under Okawaru
  5064 | D:8      | Reached skill level 3 in Invocations
  5132 | D:8      | Noticed a centaur warrior
  5150 | D:8      | Killed a centaur warrior
  5150 | D:8      | Reached **** piety under Okawaru
  5151 | D:8      | Reached XP level 10. HP: 31/100 MP: 3/11
  5156 | D:8      | HP: 9/100 [something (7)]
  5158 | D:8      | HP: 3/100 [something (8)]
  5158 | D:8      | Slain by a vampire

Vanquished Creatures
  A centaur warrior (D:8)
  Pikel (D:6)
  A slime creature (D:8)
  Eustachio (D:5)
  Menkaure (D:4)
  2 water moccasins
  Edmund (D:5)
  An acid dragon (D:7)
  Duvessa (D:6)
  3 ice beasts
  An orc warrior (D:8)
  A sky beast (D:8)
  3 black bears
  2 ogres
  A centaur (D:6)
  A phantom (D:4)
  A lemure (D:6)
  2 bullfrogs
  8 scorpions
  Dowan (D:6)
  A killer bee (D:8)
  2 howler monkeys (D:8)
  A jelly (D:5)
  3 hounds (D:5)
  5 iguanas
  4 orc wizards
  A merfolk siren (Sewer)
  A merfolk avatar (Sewer)
  6 gnolls
  A river rat (Sewer)
  7 adders
  A shadow imp (D:7)
  A white imp (D:5)
  An ufetubus (D:4)
  2 worms
  4 dart slugs
  18 orcs
  2 bats (D:1)
  6 endoplasms
  7 giant cockroaches
  6 goblins
  9 hobgoblins
  7 jackals
  4 quokkas
  9 ball pythons
  5 frilled lizards
  6 kobolds
  29 rats
183 creatures vanquished.
